 Dungeon Crawl Stone Soup version 0.30.0-29-ga12c61a403 (webtiles) character file.

Game seed: 17085410208888887975

25 H0rd4k the Charlatan (level 3, 0/26 HPs)
             Began as a Human Artificer on June 14, 2023.
             Slain by a ball python (2 damage)
             ... on level 4 of the Dungeon.
             The game lasted 00:01:10 (414 turns).

H0rd4k the Charlatan (Human Artificer)               Turns: 414, Time: 00:01:11

Health: 0/26       AC:  3    Str: 12    XL:     3   Next: 20%
Magic:  3/3        EV:  8    Int: 13    God:
Gold:   16         SH:  0    Dex: 13    Spells: 2/2 levels left

rFire   . . .        a - +0 club
rCold   . . .        (no shield)
rNeg    . . .        b - +0 leather armour
rPois   .            (no helmet)
rElec   .            (no cloak)
rCorr   .            (no gloves)
SInv    .            (no boots)
Will    .....        (no amulet)
Stlth   +            (no ring)
HPRegen 0.24/turn    (no ring)
MPRegen 0.08/turn

%: no passive effects
@: constricted
A: no striking features
a: no special abilities


You were on level 4 of the Dungeon.
You visited 1 branch of the dungeon, and saw 4 of its levels.

You collected 16 gold pieces.

Inventory:

Hand Weapons
 a - a +0 club (weapon)
Armour
 b - a +0 leather armour (worn)
Magical Staves
 f - a staff of conjuration
Wands
 c - a wand of flame (13) (quivered)
 d - a wand of charming (10)
 e - a wand of iceblast (5)
Scrolls
 h - a scroll of teleportation {unknown}
 i - a scroll of blinking {unknown}
 j - a scroll of noise {unknown}
Potions
 g - a potion of heal wounds {unknown}


   Skills:
 + Level 1.1 Fighting
 + Level 0.4 Maces & Flails
 - Level 2.0 Armour
 + Level 1.2 Dodging
 + Level 1.1 Stealth
 + Level 3.8 Evocations


You had 2 spell levels left.
You didn't know any spells.
Your spell library was empty.

Dungeon Overview and Level Annotations

Branches:
Dungeon (4/15)
 Temple: D:4-7

Altars:


Message History

You barely miss the goblin. The ufetubus barely misses you.
The ufetubus hits you. x2; The ufetubus misses you.
The goblin misses you. The ufetubus closely misses you. The ufetubus hits you.
You hit the ufetubus.
The ufetubus is severely wounded.
The ufetubus hits you. The ufetubus barely misses you.
The goblin barely misses you.
The ufetubus hits you but does no damage.
The ufetubus closely misses you.
You barely miss the ufetubus.
The ufetubus is severely wounded.
The goblin closely misses you. The ufetubus misses you. The ufetubus hits you.
The goblin barely misses you.
You closely miss the ufetubus.
The ufetubus is severely wounded.
The ufetubus barely misses you. The ufetubus hits you.
* * * LOW HITPOINT WARNING * * *
The ufetubus misses you. The ufetubus hits you.
* * * LOW HITPOINT WARNING * * *
The goblin hits you but does no damage.
Aiming: Charm
Press: ? - help, Shift-Dir - straight line, f - goblin, p - ufetubus
Aim: a goblin, wielding a +0 dagger (chance to affect: 75%)
The goblin is charmed.
The ufetubus closely misses you. x2
The ball python bites your goblin.
The ball python barely misses your goblin.
Your goblin completely misses the ball python.
The ufetubus hits you but does no damage.
The ufetubus hits you.
* * * LOW HITPOINT WARNING * * *
You barely miss the ufetubus. You punch the ufetubus.
You kill the ufetubus!
Your goblin completely misses the ball python.
The ball python bites you.
* * * LOW HITPOINT WARNING * * *
The ball python grabs you. The ball python constricts you.
You hit the ball python but do no damage.
Your goblin hits the ball python with a +0 dagger.
The ball python bites you.
You die...

..........#.....###.#
#.###....##.....#
#........#######
....##.#..#8###8##
#.##...............##
# #...#.##........8#
... #..+........##
... ..##.#8##Sg.# .#
#.####@..# #S ...
#⌠...⌠# ..## ##...##
##( #$..# #....
8..... #......
##8###8#


You could see a ball python (ally target) and a friendly goblin (charmed).

Vanquished Creatures
  An ufetubus (D:4)
  2 orcs (D:4)
  2 ball pythons (D:4)
  2 endoplasms
  2 jackals (D:4)
  A kobold (D:1)
  3 quokkas
13 creatures vanquished.

Vanquished Creatures (collateral kills)
  An orc (D:4)
1 creature vanquished.

Vanquished Creatures (others)
  A scorpion (D:4)
1 creature vanquished.

Grand Total: 15 creatures vanquished

Notes
Turn   | Place    | Note
-------+----------+-------------------------------------------
     0 | D:1      | H0rd4k the Human Artificer began the quest for the Orb.
     0 | D:1      | Reached XP level 1. HP: 15/15 MP: 1/1
   203 | D:3      | Reached XP level 2. HP: 10/21 MP: 2/2
   370 | D:4      | Noticed a scorpion
   399 | D:4      | Reached XP level 3. HP: 26/26 MP: 3/3
   414 | D:4      | Slain by a ball python

Illustrated notes

Levels and vault maps discovered:
D:1:      dpeg_arrival_simpleton_a, layout_loops_ring, serial_shops, shop
D:2:      layout_loops_ring, uniq_crazy_yiuf_cottage
D:3:      layout_loops_cross, st_stairs_13, minmay_distorted
D:4:      layout_basic, serial_corexii_hall, corexii_hall_statues_s,
          corexii_hall_statues_l

Action                     || total
---------------------------++-------
  Melee: Club              ||    59
         Punch             ||     1
  Evoke: Wand              ||     7
 Armour: Leather armour    ||    15
  Dodge: Dodged            ||    63
